 Dungeon Crawl Stone Soup version 0.30.1-3-gfc49f6343a (webtiles) character file.

Game seed: 5764222894325734658

251089 spardeous the Tortoise (level 18, -4/196 HPs)
             Began as a Demigod Earth Elementalist on July 18, 2023.
             Killed from afar by a deep elf knight (6 damage)
             ... with a shard of ice
             ... on level 1 of the Elven Halls on July 19, 2023.
             The game lasted 02:49:43 (61905 turns).

spardeous the Tortoise (DgEE)                      Turns: 61905, Time: 02:49:43

Health: -4/196     AC: 34    Str: 16    XL:     18   Next: 24%
Magic:  4/38       EV: 16    Int: 48    God:
Gold:   2878       SH: 14    Dex: 24    Spells: 2/39 levels left

rFire   . . .        L - +5 long sword "Eteoruz" {heavy, Will+ Int+3 Dex+4 Stlth+}
rCold   + . .        J - +1 kite shield {rC+}
rNeg    + + .        z - melded +1 ring mail of the Lemon {Str+5 Dex+3 SInv}
rPois   ∞            p - +0 hat of Fedhas's Inspiration {rElec rN+ Dex+2}
rElec   +            v - +1 cloak
rCorr   .            q - melded +2 pair of gloves
SInv    .            Y - melded +2 pair of boots {Stlth+}
Will    +++..        H - amulet of Boajol {rElec Will+ Regen+ Str+3 Slay+3}
Stlth   +++          i - +6 ring of intelligence
HPRegen 1.32/turn    u - +6 ring of intelligence
MPRegen 0.26/turn

%: no passive effects
@: statue-form, very slow
A: slow and powerful, torment resistance 1, boosted hp, high MP 1, forlorn,
divine attributes, (iridescent scales 1)
}: 2/15 runes: serpentine, barnacled
a: End Transformation


You were on level 1 of the Elven Halls.
You were a living statue of rough stone.
You visited 6 branches of the dungeon, and saw 31 of its levels.
You also visited: Gauntlet and Ice Cave.

You collected 3431 gold pieces.
You spent 553 gold pieces at shops.

Inventory:

Hand Weapons
 C - a +2 executioner's axe of freezing
 L - the +5 long sword "Eteoruz" (weapon) {heavy, Will+ Int+3 Dex+4 Stlth+}
   (You found it on level 12 of the Dungeon)

   Int:       It affects your intelligence (+3).
   Dex:       It affects your dexterity (+4).
   Will:      It increases your willpower.
   Stlth:     It makes you more stealthy.
Armour
 p - the +0 hat of Fedhas's Inspiration (worn) {rElec rN+ Dex+2}
   (You acquired it on level 5 of the Lair of Beasts)

   Dex:       It affects your dexterity (+2).
   rElec:     It insulates you from electricity.
   rN:        It protects you from negative energy.
 q - a +2 pair of gloves (melded)
 v - a +1 cloak (worn)
 z - the +1 ring mail of the Lemon (melded) {Str+5 Dex+3 SInv}
   (You found it on level 14 of the Dungeon)

   Str:       It affects your strength (+5).
   Dex:       It affects your dexterity (+3).
   SInv:      It lets you see invisible.
 J - a +1 kite shield of cold resistance (worn)
 M - the +5 scale mail "Zahihatuu" {rC+}
   (You took it off a minotaur in a Gauntlet)

   rC:        It protects you from cold.
 O - a +1 crystal plate armour of cold resistance
 Y - a +2 pair of boots of stealth (melded)
Jewellery
 i - a +6 ring of intelligence (left fist)
 n - a +5 ring of evasion
 u - a +6 ring of intelligence (right fist)
 x - a ring of see invisible
 H - the amulet of Boajol (around neck) {rElec Will+ Regen+ Str+3 Slay+3}
   (You acquired it on level 4 of the Shoals)

   [amulet of regeneration]

   Str:       It affects your strength (+3).
   Slay:      It affects your accuracy & damage with ranged weapons and melee
   (+3).
   rElec:     It insulates you from electricity.
   Regen:     It increases your rate of health regeneration.
   Will:      It increases your willpower.
 K - the ring of Waum Bimm {rPois Dex+3}
   (You took it off a naga ritualist on level 1 of the Snake Pit)

   [ring of poison resistance]

   Dex:       It affects your dexterity (+3).
   rPois:     It protects you from poison.
 X - a +6 ring of intelligence
Wands
 l - a wand of paralysis (6)
 o - a wand of flame (25)
 D - a wand of roots (32)
 E - a wand of digging (7)
 F - a wand of mindburst (26)
 V - a wand of acid (29)
Scrolls
 a - a scroll of vulnerability
 c - 21 scrolls of teleportation
 f - 4 scrolls of fear
 g - a scroll of silence
 k - a scroll of summoning
 r - 7 scrolls of immolation
 t - 2 scrolls of blinking
 w - 8 scrolls of enchant weapon
 A - 4 scrolls of amnesia
 B - 4 scrolls of magic mapping
 P - 4 scrolls of poison
 R - 2 scrolls of brand weapon
 S - 3 scrolls of fog
Potions
 b - 2 potions of magic
 d - 2 potions of heal wounds
 e - 2 potions of attraction
 h - 6 potions of might
 j - 3 potions of lignification
 m - 4 potions of flight
 G - 4 potions of cancellation
 N - a potion of ambrosia
 Q - 2 potions of invisibility
 T - 3 potions of berserk rage
 U - 4 potions of brilliance
 W - 8 potions of curing
 Z - 2 potions of haste
Miscellaneous
 s - a lightning rod (3/4)
 y - a box of beasts
 I - a phial of floods


   Skills:
 - Level 11.0 Fighting
 - Level 15.8 Armour
 - Level 6.2 Dodging
 - Level 1.7 Stealth
 - Level 10.0 Shields
 - Level 11.1 Spellcasting
 - Level 8.1 Conjurations
 - Level 8.7 Necromancy
 - Level 11.9 Transmutations
 + Level 12.6 Earth Magic
 - Level 5.1 Poison Magic


You had 2 spell levels left.
You knew the following spells:

 Your Spells              Type           Power      Damage    Failure   Level
a - Sandblast             Erth           100%       2d20      0%          1
b - Stone Arrow           Conj/Erth      100%       3d13      1%          3
c - Petrify               Tmut/Erth      98%        N/A       1%          4
d - Vampiric Draining     Necr           84%        2d12      1%          3
e - Borgnjor's Vile Clut  Necr/Erth      46%        N/A       1%          5
f - Poisonous Vapours     Pois/Air       100%       N/A       1%          2
g - Ignite Poison         Fire/Tmut/Pois 69%        N/A       1%          3
h - Olgreb's Toxic Radia  Pois           66%        N/A       2%          4
i - Statue Form           Tmut/Erth      65%        N/A       1%          6
j - Death Channel         Necr           42%        N/A       9%          6

Your spell library contained the following spells:

 Spells                   Type           Power      Damage    Failure   Level
 Shock                    Conj/Air       100%       1d9       1%          1
 Sting                    Tmut/Pois      100%       1d8       1%          1
 Cigotuvi's Dreadful Rot  Necr/Pois/Air  100%       N/A       1%          2
 Passwall                 Tmut/Erth      81%        N/A       1%          2
 Static Discharge         Conj/Air       100%       2-7/arc   1%          2
 Lesser Beckoning         Tloc           52%        N/A       3%          2
 Dazzling Flash           Conj/Hex       100%       N/A       1%          3
 Animate Armour           Summ/Erth      100%       N/A       1%          4
 Animate Dead             Necr           84%        N/A       1%          4
 Blade Hands              Tmut           48%        N/A       1%          5
 Iskenderun's Mystic Bla  Conj/Tloc      60%        2d13      3%          4
 Iron Shot                Conj/Erth      45%        9d9       4%          6
 Gell's Gravitas          Tloc           26%        N/A       6%          3
 Portal Projectile        Hex/Tloc       52%        N/A       6%          3
 Swiftness                Air            26%        N/A       6%          3
 Teleport Other           Tloc           26%        N/A       6%          3
 Tukima's Dance           Hex            26%        N/A       6%          3
 Volatile Blastmotes      Fire/Tloc      52%        2d14      6%          3
 Airstrike                Air            13%        2d(2-18)  19%         4
 Passage of Golubria      Tloc           26%        N/A       19%         4
 Summon Lightning Spire   Summ/Air       26%        N/A       19%         4
 Freezing Cloud           Conj/Ice/Air   25%        6-21      19%         5
 Simulacrum               Ice/Necr       31%        N/A       45%         6
 Silence                  Hex/Air        13%        N/A       47%         5
 Starburst                Conj/Fire      30%        6d9       50%         6
 Storm Form               Tmut/Air       35%        N/A       80%         7
 Lehudib's Crystal Spear  Conj/Erth      45%        10d11     88%         8
 Dispersal                Tloc           13%        N/A       96%         6
 Maxwell's Capacitive Co  Air            13%        ∞         100%        8


Dungeon Overview and Level Annotations

Branches:
Dungeon (15/15)            Temple (0/1) D:5            Lair (5/5) D:11
 Shoals (4/4) Lair:2        Snake (4/4) Lair:2        Slime (0/5) Lair:5
    Orc (2/2) D:12            Elf (1/3) Orc:2        Vaults (0/5) D:14
 Depths (0/4) D:15          IceCv (visited)         Gauntlet (visited)

Shops:
Orc:1 (   Orc:2 :??[(   Shoals:1 *   Snake:3 [

Portals:
Abyss: Lair:5

Annotations:
D:9 3 runed translucent doors, hilljack's ghost, novice MfIE


Innate Abilities, Weirdness & Mutations

You are a living statue of rough stone.
Your actions are slow, but your melee attacks are powerful.
You are resistant to unholy torment.
Your maximum health is greatly increased.
You are immune to poison.
Your equipment is partially melded.
You have an increased reservoir of magic. (+10% MP)
You shall have no god before yourself.
Your divine heritage dramatically boosts your attributes as you level up.
((You are partially covered in iridescent scales. (AC +2)))


Message History

Okay, then.
Okay, then.
Okay, then.
Something hits you but does no damage. x2
You hear some strange, mumbled words.
A shard of ice appears from out of thin air!
The shard of ice hits you. You partially resist.
* * * LOW HITPOINT WARNING * * *
Casting: Borgnjor's Vile Clutch (mildly dangerous; 1% risk of failure)
Confirm with . or Enter, or press ? or * to list all spells.
Okay, then.
Casting: Borgnjor's Vile Clutch (mildly dangerous; 1% risk of failure)
Confirm with . or Enter, or press ? or * to list all spells.
Aiming: Stone Arrow (safe; 1% risk of failure)
Press: ? - help, Shift-Dir - straight line, f - fire elemental
Aim: a fire elemental (lightly damaged, summoned, 72% to hit)
The stone arrow hits something!
The fire elemental disappears in a puff of smoke!
Something hits you but does no damage. x2
Unknown command.
Casting: Stone Arrow (safe; 1% risk of failure)
Confirm with . or Enter, or press ? or * to list all spells.
You can't see any susceptible monsters within range! (Use Z to cast anyway.)
Casting: Stone Arrow (safe; 1% risk of failure)
Confirm with . or Enter, or press ? or * to list all spells.
Aiming: Stone Arrow (safe; 1% risk of failure)
Press: ? - help, Shift-Dir - straight line Something blocks the stone arrow.
You hear some strange, mumbled words.
A shard of ice appears from out of thin air!
The shard of ice hits you!! You partially resist.
* * * LOW HITPOINT WARNING * * *
You hear some strange, mumbled words.
A shard of ice appears from out of thin air!
The shard of ice hits you!!! You partially resist.
* * * LOW HITPOINT WARNING * * *
You hear some strange, mumbled words.
A shard of ice appears from out of thin air!
The shard of ice hits you. You partially resist.
You die...

#..#..)#..#
#.###)###.#.
#..#...#.)#.##
#..)......#...
#'#########..#
#..##### #..##
##.....## ...
#####..# #.#
##.# #8#
#.####{#
#...##§##
###.#..e##
#..###°## ...
#.## ##e###
... #.## ##e.+
.... #. #.##
..... #.
##☼###e....


You could see a deep elf zephyrmancer.

Vanquished Creatures
  A titan (Shoals:4)
  Gastronok (D:9)
  Agnes (D:15)
  The ghost of Zipteul the Fencer, an adept NaBe of Trog (Shoals:1)
  Roxanne (Shoals:1)
  4 nagarajas (Snake:4)
  An orc warlord (Orc:1)
  A dire elephant (D:15)
  A minotaur (Gauntlet)
  Nessos (Lair:5)
  9 merfolk impalers
  Josephine (D:11)
  3 merfolk javelineers
  2 hydras
  4 centaur warriors
  2 merfolk avatars
  Erolcha (D:9)
  A salamander tyrant (Snake:1)
  Erica (D:8)
  2 ironbound frosthearts (IceCv)
  4 boulder beetles
  5 two-headed ogres
  3 alligator snapping turtles
  17 anacondas
  A tengu warrior (D:13)
  A catoblepas (Lair:4)
  2 ogre magi (Orc:2)
  5 death yaks (IceCv)
  A satyr (Shoals:3)
  10 merfolk aquamancers
  21 naga warriors
  4 thrashing horrors (Lair:5)
  5 shock serpents
  Nergalle (Orc:2)
  Urug (D:14)
  Sonja (D:11)
  17 naga sharpshooters
  Amaemon (Lair:3)
  3 salamander mystics
  A fire crab (Gauntlet)
  3 skysharks
  17 sea snakes
  An obsidian statue (Shoals:1)
  A glowing orange brain (Gauntlet)
  18 naga ritualists
  2 wizards
  A deep elf archer (Elf:1)
  5 deep elf zephyrmancers (Elf:1)
  A lindwurm (Lair:5)
  6 deep elf pyromancers (Elf:1)
  An orc knight (D:15)
  Pikel (D:5)
  A wolf spider (D:15)
  A necromancer (Lair:5)
  14 harpies
  6 fauns (Shoals:1)
  18 mana vipers
  15 ugly things
  16 manticores
  8 orc sorcerers
  14 salamanders
  6 oklob plants
  5 cyclopes
  6 guardian serpents
  13 water nymphs
  8 merfolk sirens
  Maurice (D:8)
  8 elephants
  51 black mambas
  Joseph (D:8)
  15 naga magi
  3 gargoyles
  3 smoke demons (Lair:5)
  An ice statue (IceCv)
  An orange demon (Lair:3)
  4 torpor snails
  8 cane toads
  A kobold demonologist (D:10)
  An unseen horror (D:10)
  An efreet (D:13)
  2 yaktaurs
  7 komodo dragons
  2 rime drakes
  6 meliai
  26 merfolk
  13 polar bears
  Grinder (D:4)
  2 ancient zymes (Lair:5)
  15 wind drakes
  9 trolls
  5 snapping turtles
  21 blink frogs
  Prince Ribbit (D:7)
  5 dream sheep
  16 small abominations
  6 slime creatures
  Sigmund (D:4)
  4 wyverns
  A centaur simulacrum (D:14)
  A vampire (D:9)
  21 water elementals
  7 air elementals (Shoals:4)
  7 wraiths
  16 humans (D:14)
  A ynoxinul (Lair:5)
  46 yaks
  3 fire bats (Gauntlet)
  2 large abominations (Gauntlet)
  4 chaos spawn (Lair:5)
  Grum (D:8)
  11 vampire mosquitoes
  12 basilisks
  A steam dragon (D:9)
  Menkaure (D:4)
  4 wargs
  56 nagas
  Edmund (D:5)
  16 water moccasins
  4 acid dragons
  25 orc warriors
  3 ice beasts (D:13)
  A sky beast (D:6)
  A black bear (Lair:2)
  8 ogres
  38 wolves
  A tengu (shapeshifter) (D:14)
  3 centaurs
  A lemure (D:5)
  A phantom (D:5)
  A kobold brigand (D:9)
  8 bullfrogs
  5 scorpions
  3 wights (D:8)
  2 electric eels
  5 killer bees (D:9)
  2 howler monkeys
  3 jellies
  A lava snake (Snake:1)
  A hound (D:4)
  14 orc priests
  Crazy Yiuf (D:4)
  2 gnoll boudas
  3 iguanas
  2 sleepcaps
  Ijyb (D:4)
  32 orc wizards
  4 polar bear simulacra (Lair:5)
  7 hell rats (Lair:1)
  2 yak simulacra (Lair:5)
  2 wolf simulacra (Lair:5)
  Robin (D:4)
  8 adders
  24 gnolls
  3 shadow imps
  6 white imps
  6 ufetubi
  4 worms
  3 dart slugs
  71 orcs
  6 ball pythons
  6 endoplasms
  3 giant cockroaches
  15 goblins
  13 hobgoblins
  11 kobolds
  5 quokkas
  7 bats
  7 frilled lizards
  3 rats
  3 river rat simulacra (Lair:5)
1176 creatures vanquished.

Vanquished Creatures (others)
  An air elemental (Shoals:3)
  A water elemental (Shoals:4)
  An orc wizard (Orc:2)
  An orc (D:9)
4 creatures vanquished.

Grand Total: 1180 creatures vanquished

Notes
Turn   | Place    | Note
-------+----------+-------------------------------------------
     0 | D:1      | spardeous the Demigod Earth Elementalist began the quest
                  | for the Orb.
     0 | D:1      | Reached XP level 1. HP: 14/14 MP: 5/5
   417 | D:1      | Reached XP level 2. HP: 12/20 MP: 4/7
  1257 | D:2      | Reached XP level 3. HP: 26/26 MP: 5/8
  1807 | D:2      | Reached XP level 4. HP: 33/33 MP: 7/9
  2390 | D:3      | Reached skill level 5 in Earth Magic
  2564 | D:3      | Learned a level 3 spell: Stone Arrow
  3192 | D:4      | Noticed an ogre
  3196 | D:4      | Killed an ogre
  3197 | D:4      | Reached XP level 5. HP: 38/38 MP: 7/10
  3220 | D:4      | Noticed Menkaure
  3300 | D:4      | Noticed Grinder
  3304 | D:4      | Killed Grinder
  3305 | D:4      | Reached XP level 6. HP: 42/45 MP: 6/11
  3321 | D:4      | Killed Menkaure
  3322 | D:4      | Reached skill level 5 in Conjurations
  3416 | D:4      | Reached XP level 7. HP: 44/50 MP: 2/12
  3525 | D:4      | Noticed Ijyb
  3530 | D:4      | Killed Ijyb
  3644 | D:4      | Noticed Sigmund
  3861 | D:4      | Killed Sigmund
  4010 | D:4      | Noticed Robin
  4026 | D:4      | Killed Robin
  4333 | D:4      | Found a runed translucent door.
  4334 | D:4      | Noticed Crazy Yiuf
  4814 | D:4      | Killed Crazy Yiuf
  4954 | D:5      | Entered Level 5 of the Dungeon
  4995 | D:5      | Reached skill level 1 in Armour
  5013 | D:5      | Reached skill level 2 in Armour
  5089 | D:5      | Noticed Edmund
  5091 | D:5      | Reached XP level 8. HP: 57/57 MP: 13/17
  5108 | D:5      | Killed Edmund
  5109 | D:5      | Reached skill level 3 in Armour
  5245 | D:5      | Reached skill level 4 in Armour
  5329 | D:5      | Reached skill level 1 in Fighting
  5438 | D:5      | Noticed Pikel
  5504 | D:5      | Killed Pikel
  5568 | D:5      | Learned a level 4 spell: Petrify
  5653 | D:5      | Found a staircase to the Ecumenical Temple.
  6277 | D:6      | Reached skill level 5 in Fighting
  6353 | D:6      | Got Qetzir's Handbook of Wicked Arts
  6529 | D:6      | Reached XP level 9. HP: 74/74 MP: 8/18
  7002 | D:7      | Noticed Prince Ribbit
  7015 | D:7      | Killed Prince Ribbit
  7731 | D:8      | Noticed Joseph
  7759 | D:8      | Killed Joseph
  8207 | D:8      | Noticed Erica
  8237 | D:8      | Noticed Maurice
  8403 | D:8      | Noticed Grum
  8535 | D:8      | Paralysed by Maurice for 2 turns
  8542 | D:8      | Paralysed by Maurice for 4 turns
  8554 | D:8      | Killed Maurice
  9001 | D:8      | Killed Erica
  9002 | D:8      | Reached XP level 10. HP: 55/88 MP: 3/20
  9156 | D:8      | Killed Grum
  9302 | D:9      | Noticed Erolcha
  9313 | D:9      | Killed Erolcha
  9314 | D:9      | Reached skill level 5 in Spellcasting
  9882 | D:9      | Noticed Gastronok
  9940 | D:9      | Killed Gastronok
 10189 | D:9      | Found a runed translucent gate.
 10190 | D:9      | Found a runed translucent gate.
 10190 | D:9      | Noticed a boulder beetle
 10191 | D:9      | Noticed hilljack's ghost (novice MfIE)
 10192 | D:9      | Found a runed translucent gate.
 10461 | D:10     | Entered Level 10 of the Dungeon
 10844 | D:10     | Noticed a two-headed ogre
 10856 | D:10     | Killed a two-headed ogre
 11223 | D:10     | Reached XP level 11. HP: 99/99 MP: 21/26
 11234 | D:10     | Reached skill level 10 in Fighting
 12477 | D:11     | Noticed a two-headed ogre
 12481 | D:11     | Noticed Josephine
 12504 | D:11     | Killed a two-headed ogre
 12511 | D:11     | Killed Josephine
 12914 | D:11     | Noticed a two-headed ogre
 12920 | D:11     | Killed a two-headed ogre
 13084 | D:11     | Noticed Sonja
 13091 | D:11     | Killed Sonja
 13623 | D:11     | Found a staircase to the Lair.
 13816 | D:11     | Reached skill level 10 in Spellcasting
 14590 | D:12     | Learned a level 3 spell: Vampiric Draining
 14606 | D:12     | Reached skill level 1 in Transmutations
 15044 | D:12     | Identified the +5 long sword "Eteoruz" {heavy, Will+ Int+3
                  | Dex+4 Stlth+}
 15057 | D:12     | Learned a level 5 spell: Borgnjor's Vile Clutch
 15202 | D:12     | Reached XP level 12. HP: 55/106 MP: 17/30
 15635 | D:12     | Found a staircase to the Orcish Mines.
 16084 | D:13     | Found a frozen archway.
 16098 | D:13     | Reached skill level 5 in Transmutations
 16262 | D:13     | Learned a level 2 spell: Poisonous Vapours
 16266 | D:13     | Learned a level 3 spell: Ignite Poison
 16267 | IceCv    | Entered an ice cave
 16388 | IceCv    | Reached skill level 1 in Necromancy
 17022 | IceCv    | Reached skill level 5 in Necromancy
 18787 | IceCv    | Noticed an ironbound frostheart
 18791 | IceCv    | Killed an ironbound frostheart
 18905 | IceCv    | Noticed an ironbound frostheart
 18914 | IceCv    | Killed an ironbound frostheart
 20066 | Lair:1   | Entered Level 1 of the Lair of Beasts
 20157 | Lair:1   | Noticed a boulder beetle
 20400 | D:11     | Reached skill level 1 in Shields
 20414 | D:11     | Killed a boulder beetle
 20415 | D:11     | Reached XP level 13. HP: 36/113 MP: 2/31
 21876 | Lair:2   | Reached skill level 5 in Shields
 22418 | Lair:2   | Found a staircase to the Shoals.
 23324 | Lair:2   | Found a staircase to the Snake Pit.
 24615 | Lair:3   | Noticed Amaemon
 24622 | Lair:3   | Killed Amaemon
 25585 | Lair:4   | Identified the +3 sling "Esmirhos" {elec, Str+2 Int+4}
 25974 | Lair:4   | Reached skill level 10 in Shields
 26764 | Lair:5   | Entered Level 5 of the Lair of Beasts
 26904 | Lair:5   | Reached skill level 5 in Armour
 26987 | Lair:5   | Found a staircase to the Slime Pits.
 27043 | Lair:5   | Noticed Nessos
 27050 | Lair:5   | Killed Nessos
 27051 | Lair:5   | Reached XP level 14. HP: 121/121 MP: 17/32
 27082 | Lair:5   | Reached skill level 6 in Armour
 27177 | Lair:5   | Found a gate leading to a gauntlet.
 27192 | Gauntlet | Entered a Gauntlet
 27192 | Gauntlet | Found a transporter.
 27396 | Gauntlet | Found a transporter.
 27397 | Gauntlet | Found a transporter.
 27408 | Gauntlet | Found a transporter.
 27409 | Gauntlet | Found a transporter.
 27413 | Gauntlet | Found a transporter.
 27417 | Gauntlet | Found a transporter.
 27420 | Gauntlet | Found a transporter.
 27421 | Gauntlet | Found a transporter.
 27433 | Gauntlet | Found a transporter.
 27433 | Gauntlet | Found a transporter.
 27434 | Gauntlet | Found a transporter.
 27442 | Gauntlet | Found a transporter.
 27502 | Gauntlet | Found a transporter.
 27527 | Gauntlet | Learned a level 4 spell: Olgreb's Toxic Radiance
 27537 | Gauntlet | Reached skill level 1 in Poison Magic
 28156 | Gauntlet | Identified the +5 scale mail "Zahihatuu" {rC+}
 28425 | Lair:5   | Reached skill level 7 in Armour
 29182 | Lair:5   | Reached skill level 8 in Armour
 29376 | Lair:5   | Identified a scroll of acquirement
 29386 | Lair:5   | Acquired the +0 hat of Fedhas's Inspiration {rElec rN+
                  | Dex+2}
 29879 | Lair:5   | Reached skill level 9 in Armour
 30164 | Lair:5   | Found a one-way gate to the infinite horrors of the Abyss.
 31038 | Orc:1    | Entered Level 1 of the Orcish Mines
 31041 | Orc:1    | Found Busist's Weapon Boutique.
 31595 | Orc:2    | Entered Level 2 of the Orcish Mines
 31798 | Orc:2    | Found a staircase to the Elven Halls.
 32221 | Orc:2    | Found Sauddoph's Book Shop.
 32397 | Orc:2    | Found Lubbuix's Antique Armour Boutique.
 32459 | Orc:2    | Reached skill level 10 in Armour
 32639 | Orc:2    | Noticed Nergalle
 32649 | Orc:2    | Killed Nergalle
 32796 | Orc:2    | Found Lerch's Magic Scroll Shop.
 32914 | Orc:2    | Found Finwim's Magic Scroll Boutique.
 33160 | Orc:2    | Found Gufywk's Antique Weapon Shoppe.
 33471 | Orc:1    | Noticed an orc warlord
 33495 | Orc:1    | Killed an orc warlord
 33926 | Orc:2    | Bought a scroll of magic mapping for 120 gold pieces
 33926 | Orc:2    | Bought a scroll of identify for 32 gold pieces
 33926 | Orc:2    | Bought a scroll of immolation for 64 gold pieces
 33938 | Orc:2    | Bought a scroll of identify for 22 gold pieces
 33938 | Orc:2    | Bought a scroll of noise for 11 gold pieces
 34811 | D:13     | Reached skill level 5 in Poison Magic
 35006 | D:13     | Gained mutation: You passively dampen the noise of your
                  | surroundings. [potion of mutation]
 35007 | D:13     | Lost mutation: You passively dampen the noise of your
                  | surroundings. [potion of mutation]
 35007 | D:13     | Gained mutation: You are occasionally teleported next to
                  | monsters. [potion of mutation]
 35007 | D:13     | Gained mutation: You are resistant to electric shocks.
                  | (rElec) [potion of mutation]
 35008 | D:13     | Lost mutation: You are occasionally teleported next to
                  | monsters. [potion of mutation]
 35008 | D:13     | Lost mutation: You are resistant to electric shocks.
                  | (rElec) [potion of mutation]
 35008 | D:13     | Gained mutation: You have a pair of small horns on your
                  | head. [potion of mutation]
 35008 | D:13     | Gained mutation: Your body sometimes deteriorates upon
                  | taking damage. [potion of mutation]
 35009 | D:13     | Lost mutation: Your body sometimes deteriorates upon taking
                  | damage. [potion of mutation]
 35009 | D:13     | Lost mutation: You have a pair of small horns on your head.
                  | [potion of mutation]
 35009 | D:13     | Gained mutation: You are partially covered in iridescent
                  | scales. (AC +2) [potion of mutation]
 35592 | D:14     | Reached skill level 5 in Dodging
 35655 | D:14     | Reached XP level 15. HP: 123/126 MP: 16/33
 35778 | D:14     | Found a gate to the Vaults.
 35850 | D:14     | Noticed Urug
 35856 | D:14     | Killed Urug
 36350 | D:14     | Identified the +1 ring mail of the Lemon {Str+5 Dex+3 SInv}
 37251 | D:15     | Entered Level 15 of the Dungeon
 37440 | D:15     | Noticed Agnes
 37447 | D:15     | Killed Agnes
 37448 | D:15     | Reached skill level 11 in Armour
 38002 | D:15     | Reached skill level 12 in Armour
 38463 | D:15     | Found a staircase to the Depths.
 38661 | Snake:1  | Entered Level 1 of the Snake Pit
 39272 | Snake:1  | Identified the ring of Waum Bimm {rPois Dex+3}
 39755 | Snake:1  | Learned a level 7 spell: Storm Form
 40206 | Snake:1  | Reached skill level 13 in Armour
 42507 | Snake:2  | Reached skill level 14 in Armour
 43450 | Snake:2  | Reached XP level 16. HP: 134/134 MP: 29/35
 43948 | Snake:2  | Reached skill level 15 in Armour
 44246 | Snake:2  | HP: 3/134 [black mamba[a naga ritualist] (5)]
 46586 | Snake:3  | Found Yclaluff's Antique Armour Shoppe.
 47078 | Snake:4  | Entered Level 4 of the Snake Pit
 48636 | Snake:4  | Reached skill level 10 in Transmutations
 49358 | Snake:4  | Reached XP level 17. HP: 38/144 MP: 8/36
 51200 | Snake:4  | Got a serpentine rune of Zot
 51497 | Shoals:1 | Entered Level 1 of the Shoals
 52875 | Shoals:1 | Identified Roxanne's Spellbook of the Boulder
 52875 | Shoals:1 | Noticed Roxanne
 52979 | Shoals:1 | Found a runed translucent gate.
 52979 | Shoals:1 | Found a runed translucent gate.
 52979 | Shoals:1 | Found a runed translucent gate.
 53114 | Shoals:1 | Killed Roxanne
 53134 | Shoals:1 | Learned a level 6 spell: Statue Form
 53319 | Shoals:1 | Found Kevylah's Assorted Antiques.
 53319 | Shoals:1 | Noticed Zipteul's ghost (adept NaBe)
 56691 | Shoals:4 | Entered Level 4 of the Shoals
 56769 | Shoals:4 | Reached skill level 10 in Earth Magic
 56769 | Shoals:4 | Paralysed by an air elemental for 1 turns
 56775 | Shoals:3 | Paralysed by an air elemental for 1 turns
 56777 | Shoals:3 | Paralysed by an air elemental for 1 turns
 57166 | Shoals:4 | Paralysed by an air elemental for 1 turns
 58089 | Shoals:4 | Paralysed by an air elemental for 1 turns
 58092 | Shoals:4 | Paralysed by an air elemental for 1 turns
 58094 | Shoals:4 | Paralysed by an air elemental for 1 turns
 58300 | Shoals:4 | Paralysed by an air elemental for 1 turns
 58304 | Shoals:4 | Paralysed by an air elemental for 1 turns
 58306 | Shoals:4 | Paralysed by an air elemental for 1 turns
 58488 | Shoals:4 | Acquired the amulet of Boajol {rElec Will+ Regen+ Str+3
                  | Slay+3}
 58630 | Shoals:4 | Identified the +2 leather armour of Misanthropy {Int+4}
 58645 | Shoals:4 | Reached XP level 18. HP: 151/151 MP: 29/38
 60220 | Shoals:4 | Got a barnacled rune of Zot
 60304 | Shoals:4 | Learned a level 6 spell: Death Channel
 61031 | Shoals:1 | Bought a scroll labelled HOOZOM CIRCHALE for 29 gold pieces
 61031 | Shoals:1 | Bought a scroll of brand weapon for 275 gold pieces
 61475 | Shoals:1 | Killed Zipteul's ghost
 61737 | Elf:1    | Entered Level 1 of the Elven Halls
 61905 | Elf:1    | HP: 2/196 [something/shard of ice (40)]
 61905 | Elf:1    | Killed from afar by a deep elf knight

Illustrated notes

Levels and vault maps discovered:
D:1:      psy_arrival_radial01, layout_loops_ring,
          wander_ebering_terrifying_dragon_lair
D:2:      minmay_spotlight, layout_loops_ring, nrook_mini_vaults
D:3:      layout_loops_corners, mainiacjoe_overflow_concentric_impassable,
          chequers_garden, kennysheep_crisscross
D:4:      layout_gridville, kennysheep_cross_bottleneck, glass_columns_a,
          uniq_robin, uniq_menkaure, uniq_sigmund, uniq_crazy_yiuf_cottage,
          uniq_ijyb, uniq_grinder
D:5:      layout_rooms, minmay_temple_entry_glass, grunt_decor_one_mirror,
          grunt_decor_junction, patterned_corridor, uniq_edmund, uniq_pikel
D:6:      layout_cave_pools, serial_park_tiny_pond, kennysheep_nondescript
D:7:      layout_cave_pools, chequers_temple_overflow_minitemple,
          uniq_prince_ribbit1
D:8:      layout_basic, uniq_joseph, uniq_grum, uniq_erica, uniq_maurice
D:9:      layout_roguey, gammafunk_ghost_split, uniq_gastronok, uniq_erolcha
D:10:     layout_loops_ring
D:11:     layout_stronghold, dpeg_oklobed_lair, uniq_josephine, uniq_sonja
D:12:     layout_long_grid, orc_0_dummy, corexii_checkpoint_a
D:13:     layout_basic, serial_ice, serial_ice_j, serial_ice_d, serial_ice_e,
          serial_ice_m, serial_ice_f, portal_ice_cave_entry_pillars_1,
          kennysheep_small_circle
D:14:     layout_loops_ring, david_vaults_3, serial_bayou_pond_c, special_room
          [special_room_orc]
D:15:     hangedman_depths_entry_try_elsewhere_first, layout_loops_ring,
          elyvilon_altar_3, uniq_agnes
Lair:1:   layout_cave_shapes, grunt_megastairs_5
Lair:2:   nzn_winding_woodlands_stair_trap
          [nzn_winding_woodlands_5x15_longhouse,
          nzn_winding_woodlands_5x15_concentric,
          nzn_winding_woodlands_5x15_sawtooth,
          nzn_winding_woodlands_15x15_killbox,
          nzn_winding_woodlands_5x15_garden, nzn_winding_woodlands_5x15_pool,
          nzn_winding_woodlands_5x15_cabin], layout_gridlike,
          minmay_shoals_entry_beasts, minmay_snake_entry_guardpost_medium,
          chequers_serial_rivers_large_b, st_stairs_7,
          nicolae_quartered_pool_impasse
Lair:3:   layout_loops_ring, dpeg_oklob_1, uniq_amaemon
Lair:4:   layout_regular_city, chequers_serial_rivers_room_b
Lair:5:   hellmonk_lair_end_abyssal_woods, layout_long_grid, slime_entry_1,
          gauntlet_entry_generic, eino_house_with_fridge, uniq_nessos
Shoals:1: layout_shoals, ebering_ghost_gozag,
          nicolae_shoals_nymph_descending_staircase, uniq_roxanne
Shoals:2: layout_shoals
Shoals:3: layout_shoals, yaktaur_hedge
Shoals:4: shoals_end_hellmonk_storm_palace [storm_palace_center_square,
          storm_palace_corner_grid, storm_palace_corner_pillars,
          storm_palace_corner_blocked, storm_palace_corner_altar]
Snake:1:  layout_cave_pods, basic_altar, st_stairs_7,
          nicolae_snake_salamander_fort
Snake:2:  layout_honeycomb, basic_altar, drop_trap, hangedman_snake_pattern,
          nicolae_snake_naga_rites
Snake:3:  layout_onion_interference, serial_shops, shop, grunt_megastairs_1
Snake:4:  grunt_snake_rune_pools, layout_basic
Orc:1:    layout_diamond_mine, serial_shops, shop, uniq_urug
Orc:2:    kennysheep_orc_mage_school, layout_diamond_mine, serial_shops,
          nicolae_shop_peninsula
Elf:1:    eino_elf_arrival_customs, layout_loops_corners, basic_altar,
          minmay_elf_sorcery

Skill      XL: |  1  2  3  4  5  6  7  8  9 10 11 12 13 14 15 16 17 18 |
---------------+-------------------------------------------------------+-----
Earth Magic    | 3 4 5 6 11 12 | 12.6
Conjurations   | 2 4 5 6 8 |  8.1
Spellcasting   | 4 7 10 11 | 11.1
Armour         | 2 4 5 10 14 15 | 15.8
Fighting       | 5 7 9 10 11 | 11.0
Transmutations | 3 5 10 11 | 11.9
Necromancy     | 8 |  8.7
Shields        | 2 10 | 10.0
Poison Magic   | 5 |  5.1
Dodging        | 5 6 |  6.2
Stealth        | |  1.7

Action                     |  1- 3 |  4- 6 |  7- 9 | 10-12 | 13-15 | 16-18 || total
---------------------------+-------+-------+-------+-------+-------+-------++-------
  Melee: Short sword       |     1 |     1 |       |       |       |       ||     2
         Dagger            |       |       |    37 |    14 |       |       ||    51
         Long sword        |       |       |       |    22 |   442 |   442 ||   906
   Cast: Sandblast         |    61 |    44 |    74 |   110 |    31 |    24 ||   344
         Stone Arrow       |       |     3 |   107 |   263 |    80 |    65 ||   518
         Petrify           |       |       |     2 |     2 |     4 |       ||     8
         Borgnjor's Vile C |       |       |       |    29 |   357 |   417 ||   803
         Poisonous Vapours |       |       |       |     1 |       |     2 ||     3
         Olgreb's Toxic Ra |       |       |       |       |    50 |    29 ||    79
         Ignite Poison     |       |       |       |       |     1 |     2 ||     3
         Statue Form       |       |       |       |       |       |    60 ||    60
         Vampiric Draining |       |       |       |       |       |     1 ||     1
         Death Channel     |       |       |       |       |       |     1 ||     1
  Evoke: Wand              |       |       |       |     4 |       |     2 ||     6
         Phial of floods   |       |       |       |       |       |     1 ||     1
         Lightning rod     |       |       |       |       |       |     1 ||     1
    Use: Scroll            |       |       |    10 |     5 |    12 |     8 ||    35
         Potion            |       |       |     3 |     5 |     4 |     8 ||    20
   Stab: Petrified         |       |       |    13 |     5 |    11 |       ||    29
         Petrifying        |       |       |     1 |       |     1 |       ||     2
         Sleeping          |       |       |       |       |     1 |     1 ||     2
 Armour: Robe              |     1 |       |       |       |       |       ||     1
         Leather armour    |       |     3 |    46 |    64 |   284 |       ||   397
         Ring mail         |       |       |       |       |    59 |   167 ||   226
         Skin              |       |       |       |       |       |   446 ||   446
  Dodge: Dodged            |    28 |    11 |    81 |   130 |   492 |   782 ||  1524
  Block: Kite shield       |       |       |       |       |   590 |   944 ||  1534
